 Dungeon Crawl Stone Soup version 0.15.2 (webtiles) character file.

99 Arvee the Ducker (level 4, 0/45 HPs)
             Began as a Troll Berserker on Feb 6, 2015.
             Was a Believer of Trog.
             Slain by a gnoll
             ... wielding a +0 halberd
              (8 damage)
             ... on Level 2 of the Dungeon.
             The game lasted 00:05:16 (2041 turns).

Arvee the Ducker (Troll Berserker)                  Turns: 2041, Time: 00:05:17

HP   0/45        AC  5     Str 26      XL: 4   Next: 45%
MP   2/2         EV 10     Int  3      God: Trog [**....]
Gold 112         SH  0     Dex  9      Spells:  0 memorised,  3 levels left

rFire  . . .     SeeInvis .     a - +0 mace
rCold  . . .     Clarity  .     b - +0 animal skin
rNeg   . . .     rCorr    .     (shield restricted)
rPois  .         rRot     .     (helmet restricted)
rElec  .         Spirit   .     (no cloak)
SustAb .         Warding  .     (gloves unavailable)
rMut   .         Stasis   .     (boots unavailable)
Gourm  +                        (no amulet)
MR     .....                    (no ring)
                                (no ring)

@: not resistant to hostile enchantments, very unstealthy
A: unfitting armour, claws 3, fast metabolism 3, gourmand, regeneration 2,
saprovore 2, shaggy fur 1, tough skin 2
a: Burn Spellbooks, Berserk, Trog's Hand, Renounce Religion


You were on level 2 of the Dungeon.
You worshipped Trog.
Trog was pleased with you.
You were not hungry.

You visited 1 branch of the dungeon, and saw 3 of its levels.

You collected 112 gold pieces.

Inventory:

Hand weapons
 a - a +0 mace (weapon)
 m - a +0 flail
Armour
 b - a +0 animal skin (worn)
Comestibles
 c - 3 meat rations
 g - 4 bread rations
Scrolls
 d - 2 scrolls of identify {unknown}
 e - 3 scrolls of remove curse {unknown}
 f - a scroll of fog {unknown}
 h - 2 scrolls of teleportation {unknown}
 k - a scroll of enchant armour {unknown}
 o - a scroll of recharging {unknown}
Jewellery
 i - an uncursed ring of fire {unknown}
Potions
 j - a potion of heal wounds {unknown}
 l - a potion of brilliance {unknown}
 n - a potion of might {unknown}


   Skills:
 + Level 3.1 Fighting
 + Level 3.4 Maces & Flails
 + Level 3.4 Dodging


You had 3 spell levels left.
You didn't know any spells.

Dungeon Overview and Level Annotations

Branches:
Dungeon (3/15)

Altars:
The Shining One


Innate Abilities, Weirdness & Mutations

You are too large for most types of armour.
You have claws for hands.
Your metabolism is lightning-fast.
You like to eat raw meat.
You heal very quickly.
You can eat rotten meat.
You are covered in fur (AC +1).
You have very tough skin (AC +2).


Message History

There is a stone staircase leading up, spattered with blood here.
The quokka bites you but does no damage.
The gnoll barely misses you. The gnoll closely misses you.
The gnoll barely misses you. The goblin completely misses you.
The quokka bites you but does no damage.
You climb upwards.
There is a stone staircase leading down here.
You closely miss the goblin. The gnoll hits you with a halberd.
The goblin hits you with a club.
You barely miss the goblin. The gnoll closely misses you.
The goblin hits you but does no damage.
You closely miss the goblin. The gnoll hits you with a halberd!
* * * LOW HITPOINT WARNING * * *
The goblin hits you but does no damage.
You closely miss the goblin. The gnoll hits you with a halberd.
* * * LOW HITPOINT WARNING * * *
The goblin closely misses you.
You miss the goblin. The goblin closely misses you.
The gnoll hits you with a halberd!
You die...

######## #......#
#.####.# ############
#.# ##.#
#######.........r#
#.###...
....#.#.########g#
#####.##...#
###.........# #@#
#..........#
##.....###.# #g###
#.###.[..... ##......#
#.# #...# #.###.......
#.#...#.# #.# ###.#
#...........
.##.....###.######.#
#####(##)..#
#.##..###........#.#
#.##...#
.#.#>.###.#.####.#.##
#.###### .##....##.#.#
#....## #.#
.##.........####.....#
##.####


You could see a gnoll, a quokka and a goblin.

Vanquished Creatures
  4 gnolls (D:2)
  An adder (D:2)
  2 worms (D:2)
  2 oozes (D:1)
  A giant cockroach (D:1)
  5 hobgoblins
  2 jackals (D:2)
  4 kobolds
  5 bats
  A giant gecko (D:1)
  6 giant newts
  3 goblins (D:1)
  9 rats
45 creatures vanquished.

Notes
Turn   | Place    | Note
--------------------------------------------------------------
     0 | D:1      | Arvee, the Troll Berserker, began the quest for the Orb.
     0 | D:1      | Reached XP level 1. HP: 22/22 MP: 1/1
   312 | D:1      | Reached XP level 2. HP: 27/29 MP: 1/1
   454 | D:1      | Reached skill level 3 in Maces & Flails
  1090 | D:2      | Reached XP level 3. HP: 32/36 MP: 2/2
  1182 | D:2      | Acquired Trog's second power
  1418 | D:2      | Reached XP level 4. HP: 8/45 MP: 2/2
  1528 | D:2      | Found a glowing golden altar of the Shining One.
  2041 | D:2      | Slain by a gnoll

Action                   |  1- 3 |  4- 6 || total
-------------------------+-------+-------++-------
Melee: Mace              |   102 |    63 ||   165
  Eat: Chunk             |    13 |     7 ||    20
